AoeStats
← old f1sh

Arena

509127539Analyzed
4v4 RM · 7d ago on Sep 25, 2026· 22m 1s· 8 players
Game mode
Random Map
Map size
Large (8 player)
Population
200
Speed
Normal
Resources
Standard
Victory
Conquest
Starting age
Dark Age
Ending age
Imperial Age
RankedLock teamsTeams togetherTeam positionsShared explorationLock speedFull tech treeHidden civsTurbo modeCheats
Victory
Defeat
🇨🇳 Danes · China
1637
+14
🇫🇷 Romans · France
1607
+16
🇲🇽 Mongols · Mexico
1568
+17
🇨🇳 Franks · China
1400
+24
🇨🇳 Cumans · China
1633
-19
🇬🇧 Persians · United Kingdom
1594
-18
🇨🇳 Varangians · China
1577
-17
🇯🇵 Byzantines · Japan
1568
-17
Gene_Parmesan__
10:13 Feudal Age
11:20 Double-Bit Axe
14:31 Castle Age
13:13 Horse Collar
15:37 Bow Saw
15:32 Heavy Plow
20:56 Wheelbarrow
20:09 Town Watch
20:09 Loom
月月
6:57 Loom
9:07 Feudal Age
9:49 Double-Bit Axe
10:51 Horse Collar
19:20 Castle Age
17:50 Gold Mining
19:23 Scale Barding Armor
19:49 Bloodlines
克莱因蓝
9:53 Feudal Age
11:12 Double-Bit Axe
13:43 Castle Age
12:04 Horse Collar
14:43 Bow Saw
21:21 Wheelbarrow
JIJINz
10:21 Feudal Age
14:31 Castle Age
12:19 Double-Bit Axe
12:42 Horse Collar
16:09 Bow Saw
16:47 Heavy Plow
robecha18
5:32 Loom
7:58 Feudal Age
9:00 Double-Bit Axe
14:33 Castle Age
13:10 Stone Mining
21:13 Fletching
22:12 Gold Mining
eS l Joe
10:39 Feudal Age
9:28 Loom
14:15 Castle Age
12:17 Double-Bit Axe
15:52 Bow Saw
17:56 Horse Collar
22:35 Heavy Plow
old f1sh
10:43 Feudal Age
11:53 Double-Bit Axe
14:29 Castle Age
13:02 Horse Collar
13:41 Loom
15:46 Bow Saw
22:15 Wheelbarrow
V我50%匡扶汉室
9:55 Feudal Age
11:47 Double-Bit Axe
15:07 Castle Age
16:42 Bow Saw
Connection lost

Rejoining the realm…

Still unreachable

The connection could not be restored.

Session expired

The server has moved on; the page needs a fresh start.